 Dungeon Crawl Stone Soup version 0.25-b1-37-g2669288c55 (webtiles) character file.

Game seed: 5050597572705240704

45 lepoulpe303 the Shooter (level 3, -1/18 HPs)
             Began as a Spriggan Hunter on June 5, 2020.
             Slain by an adder (5 damage)
             ... on level 2 of the Dungeon.
             The game lasted 00:04:44 (1493 turns).

lepoulpe303 the Shooter (Spriggan Hunter)           Turns: 1493, Time: 00:04:45

Health: -1/18      AC:  2    Str:  8    XL:     3   Next: 42%
Magic:  4/4        EV: 19    Int: 13    God:
Gold:   124        SH:  0    Dex: 16    Spells: 2/2 levels left

rFire    . . .     SeeInvis +   a - +0 dagger
rCold    . . .     Gourm    .   (shield restricted)
rNeg     . . .     Faith    .   c - +0 robe
rPois    .         Spirit   .   (helmet restricted)
rElec    .         Reflect  .   (no cloak)
rCorr    .         Harm     .   (gloves unavailable)
MR       .....                  (boots unavailable)
Stlth    ++........             (no amulet)
HPRegen  0.06/turn              (no ring)
MPRegen  0.09/turn              (no ring)

@: lethally poisoned (-1 -> -5), very quick
A: very small, unfitting armour, see invisible, herbivore, speed 3, slow
metabolism 2
a: no special abilities


You were on level 2 of the Dungeon.
You were not hungry.

You visited 1 branch of the dungeon, and saw 2 of its levels.

You collected 124 gold pieces.

Inventory:

Hand Weapons
 a - a +0 dagger (weapon)
 b - a +1 shortbow
 i - a +0 short sword
Missiles
 Q - 10 arrows
Armour
 c - a +0 robe (worn)
Jewellery
 f - a +4 ring of protection {unknown}
Scrolls
 g - a scroll of magic mapping {unknown}
 h - 5 scrolls of identify {unknown}
 j - a scroll of fog {unknown}
 l - 2 scrolls of remove curse {unknown}
 m - a scroll of teleportation {unknown}
 n - 2 scrolls of random uselessness {unknown}
Potions
 d - 3 potions of degeneration {unknown}
 k - 2 potions of curing {unknown}
Comestibles
 e - 4 rations


   Skills:
 + Level 1.8 Fighting
 + Level 0.6 Short Blades
 * Level 5.2 Bows
 * Level 4.0 Dodging
 * Level 3.1 Stealth


You had 2 spell levels left.
You didn't know any spells.
Your spell library was empty.

Dungeon Overview and Level Annotations

Branches:
Dungeon (2/15)

Altars:
Xom


Innate Abilities, Weirdness & Mutations

You are very small and have problems with some larger weapons.
You are too small for most types of armour.
You have supernaturally acute eyesight. (SInv)
You are a herbivore.
You cover ground extremely quickly.
You need to consume almost no food.


Message History

You hit the adder. The adder barely misses you.
You hit the adder but do no damage. The adder bites you.
The adder barely misses you.
You take 2 damage, and have 11/18 hp.
You hit the adder. The adder closely misses you.
You miss the adder. The adder misses you.
You closely miss the adder. The adder bites you.
* * * LOW HITPOINT WARNING * * *
You are poisoned.
The adder poisons you!
You take 3 damage, and have 8/18 hp.
You miss the adder.
You feel sick. The adder bites you.
* * * LOW HITPOINT WARNING * * *
The adder closely misses you.
You take 3 damage, and have 5/18 hp.
You hit the adder but do no damage. The adder closely misses you.
You closely miss the adder.
* * * LOW HITPOINT WARNING * * *
You feel sick. The adder bites you.
You die...

#......#
##.K..(.####
#?..(......+
#####.(.####
##.## #####(#####
#.........#
#####S###.#
##@###.# #.#.##.#
##.###.#### #.#
#....##
#####.###.###.##
#.........# ##.##
#####.###.###...#
#.........#.#
#####.#####.#


You could see an adder.

Levels and vault maps discovered:
D:1:      eino_arrival_cavern_d, layout_loops_ring, st_stairs_10
D:2:      layout_loops_corners, overflow_temple_1_default, first_ration,
          st_stairs_3, kennysheep_cluttered_room,
          chequers_serial_rivers_large_b, minmay_goblin_outpost

Notes
Turn   | Place    | Note
-------+----------+-------------------------------------------
     0 | D:1      | lepoulpe303 the Spriggan Hunter began the quest for the
                  | Orb.
     0 | D:1      | Reached XP level 1. HP: 10/10 MP: 2/2
    90 | D:1      | Identified a +0 club
    91 | D:1      | Reached skill level 2 in Stealth
   161 | D:1      | Reached skill level 5 in Bows
   176 | D:1      | Reached XP level 2. HP: 14/15 MP: 3/3
   351 | D:1      | Identified a +0 dagger
   352 | D:1      | Identified a +0 dagger (You found it on level 1 of the
                  | Dungeon)
   378 | D:1      | Identified a +0 short sword
   387 | D:1      | Identified a +1 shortbow
   412 | D:1      | Identified a +0 dagger
   476 | D:1      | Identified a +0 short sword
   670 | D:1      | Identified a +0 club
   742 | D:1      | Reached XP level 3. HP: 11/18 MP: 4/4
   971 | D:1      | Reached skill level 3 in Stealth
  1139 | D:2      | Identified a cursed -2 club
  1164 | D:2      | Identified a cursed -1 club
  1166 | D:2      | Identified a +0 club
  1169 | D:2      | Identified a +0 club
  1318 | D:2      | Identified a +0 hunting sling
  1325 | D:2      | Identified a +0 club
  1337 | D:2      | Reached skill level 4 in Dodging
  1352 | D:2      | Found a shimmering altar of Xom.
  1493 | D:2      | HP: 4/18 [poisoned by an adder]
  1493 | D:2      | Slain by an adder

Table legend:
 A = Turns spent in this place as a percentage of turns spent in the entire game.
 B = Non-inter-level travel turns spent in this place as a percentage of non-inter-level travel turns spent in the entire game.
 C = Inter-level travel turns spent in this place as a percentage of turns spent in this place.
 D = Turns resting spent in this place as a percentage of non-inter-level travel turns spent in this place.
 E = Turns spent auto-exploring this place as a percentage of non-inter-level travel turns spent in this place.
 F = Non-inter-level travel turns spent in this place divided by the number of levels of this place that you've seen.
                   A       B       C       D       E      F
               +-------+-------+-------+-------+-------+----------------------
         Total | 100.0 | 100.0 |   1.1 |  23.6 |  54.2 | 738.5
       Dungeon | 100.0 | 100.0 |   1.1 |  23.6 |  54.2 | 738.5
               +-------+-------+-------+-------+-------+----------------------

Table legend:
 A = Kills in this place as a percentage of kills in entire the game.
 B = Kills by you in this place as a percentage of kills by you in the entire game.
 C = Kills by friends in this place as a percentage of kills by friends in the entire game.
 D = Other kills in this place as a percentage of other kills in the entire game.
 E = Experience gained in this place as a percentage of experience gained in the entire game.
 F = Experience gained in this place divided by the number of levels of this place that you have seen.
                   A       B       C       D       E      F
               +-------+-------+-------+-------+-------+----------------------
         Total | 100.0 | 100.0 |   N/A |   N/A | 100.0 |  32.5
       Dungeon | 100.0 | 100.0 |   N/A |   N/A | 100.0 |  32.5
               +-------+-------+-------+-------+-------+----------------------

Skill      XL: |  1  2  3 |
---------------+----------+-----
Stealth        | 2 3 |  3.1
Bows           | 5 |  5.2
Dodging        | 4 |  4.0
Fighting       | |  1.8
Short Blades   | |  0.6

Action                   || total
-------------------------++-------
Melee: Dagger            ||    90
 Fire: Shortbow          ||    47
 Stab: Sleeping          ||     3
Armor: Robe              ||     9
Dodge: Dodged            ||    85

Vanquished Creatures
  3 dart slugs (D:1)
  A leopard gecko (D:1)
  2 bats (D:1)
  8 goblins
  6 hobgoblins
  6 kobolds
  4 frilled lizards (D:1)
  3 rats (D:1)
33 creatures vanquished.
